 Dungeon Crawl Stone Soup version 0.26.0-45-g9c1d065592 (webtiles) character file.

Game seed: 5579582917148593652

14716 hawla the Thaumaturge (level 11, -4/115 HPs)
             Began as a Purple Draconian Conjurer on Jan 31, 2021.
             Was a Believer of Vehumet.
             Slain by a thrashing horror (15 damage)
             ... in a Gauntlet.
             The game lasted 00:46:34 (17365 turns).

hawla the Thaumaturge (Purple Draconian Conjurer)  Turns: 17365, Time: 00:46:35

Health: -4/115     AC: 25    Str:  5    XL:     11   Next: 92%
Magic:  3/25       EV:  2    Int: 21    God:    Vehumet [**....]
Gold:   166        SH:  0    Dex: 17    Spells: 4/31 levels left

rFire    + . .     SeeInvis +   i - +4 war axe of Impermanence {venom, rN+ Str-4 SInv}
rCold    . . .     Faith    .   (no shield)
rNeg     + + +     Spirit   .   (armour unavailable)
rPois    +         Reflect  .   (helmet currently unavailable)
rElec    .         Harm     .   (cloak currently unavailable)
rCorr    .         Rampage  .   (gloves currently unavailable)
Will     +....     Rnd*Rage +   (boots currently unavailable) Stlth ++........NoTele +
                                s - amulet of the acrobat
HPRegen  0.29/turn              g - +6 ring of dexterity
MPRegen  0.19/turn              k - ring of protection from fire

@: brilliant, tree-form
A: (breathe power), unfitting armour, berserk 1, AC +7
a: Renounce Religion


You were in a Gauntlet.
You worshipped Vehumet.
Vehumet was pleased with you.
You were a tree.
You visited 2 branches of the dungeon, and saw 13 of its levels.
You also visited: Gauntlet.

You collected 796 gold pieces.
You spent 630 gold pieces at shops.

Inventory:

Hand Weapons
 i - the +4 war axe of Impermanence (weapon) {venom, rN+ Str-4 SInv}
   (You found it on level 4 of the Dungeon)

   It poisons the flesh of those it strikes.
   It affects your strength (-4).
   It protects you from negative energy.
   It lets you see invisible.
 v - a +0 quarterstaff
Missiles
 j - 5 boomerangs
 p - 4 silver javelins (quivered)
 t - a throwing net
 D - 19 poisoned darts
Armour
 n - a +2 pair of boots (melded)
Magical Staves
 H - an uncursed staff of cold
Jewellery
 d - an uncursed ring of positive energy
 g - a +6 ring of dexterity (left branch)
 k - a ring of protection from fire (right branch)
 s - an amulet of the acrobat (around neck)
 y - an uncursed ring of wizardry
 A - an uncursed amulet of faith
 I - an uncursed ring of positive energy
Wands
 r - a wand of iceblast (11)
 w - a wand of acid (4)
 B - a wand of digging (4)
 E - a wand of flame (18)
 F - a wand of polymorph (14)
Scrolls
 b - 2 scrolls of teleportation
 c - a scroll of fog
 h - 2 scrolls of enchant weapon
 l - 16 scrolls of remove curse
 q - 2 scrolls of enchant armour
 u - a scroll of amnesia
Potions
 a - 3 potions of flight
 f - 2 potions of mutation
 m - a potion of curing
 o - a potion of berserk rage
 x - 4 potions of brilliance
 z - 2 potions of haste {unknown}
 C - a potion of resistance {unknown}
 G - a potion of cancellation {unknown}


   Skills:
 - Level 1.0 Fighting
 + Level 8.2 Staves
 - Level 1.0 Throwing
 - Level 1.7 Dodging
 - Level 1.7 Stealth
 - Level 4.0 Shields
 + Level 10.8 Spellcasting
 + Level 10.5 Conjurations
 - Level 1.0 Hexes
 - Level 2.0 Translocations
 + Level 7.8 Fire Magic
 + Level 5.4 Earth Magic
 - Level 2.0 Evocations


You had 4 spell levels left.
You knew the following spells:

 Your Spells              Type           Power        Failure   Level
a - Magic Dart            Conj           100%         1%          1
b - Searing Ray           Conj           100%         1%          2
c - Iskenderun's Mystic   Conj/Tloc      54%          4%          4
d - Bolt of Magma         Conj/Fire/Erth 30%          6%          5
e - Iskenderun's Battles  Conj           70%          2%          5
f - Iron Shot             Conj/Erth      30%          34%         6
g - Cause Fear            Hex            11%          36%         4

Your spell library contained the following spells:

 Spells                   Type           Power        Failure   Level
 Mephitic Cloud           Conj/Pois/Air  39%          4%          3
 Dazzling Flash           Conj/Hex       100%         1%          3
 Corona                   Hex            25%          4%          1
 Fulminant Prism          Conj/Hex       26%          5%          4
 Ensorcelled Hibernation  Hex/Ice        40%          8%          2
 Confusing Touch          Hex            23%          12%         3
 Tukima's Dance           Hex            23%          12%         3
 Orb of Destruction       Conj           35%          54%         7
 Silence                  Hex/Air        10%          80%         5
 Yara's Violent Unravell  Hex/Tmut       10%          80%         5
 Spellforged Servitor     Conj/Summ      25%          99%         7
 Discord                  Hex            11%          100%        8


Dungeon Overview and Level Annotations

Branches:
Dungeon (12/15)            Temple (1/1) D:6            Lair (0/6) D:10
    Orc (0/2) D:10        Gauntlet (1/1)

Altars:
Ashenzari
Cheibriados
Dithmenos
Elyvilon
Fedhas
Gozag
Hepliaklqana
Kikubaaqudgha
Makhleb
Nemelex Xobeh
Okawaru
Qazlal
Sif Muna
Trog
Uskayaw
Vehumet
Wu Jian
Xom
Yredelemnul
Zin
The Shining One
Beogh

Shops:
D:7 =   D:9 :   D:10 =   D:11 [

Annotations:
D:10 3 runed translucent doors, lawman0's ghost, journeyman SpDe Gauntlet 7 transporters


Innate Abilities, Weirdness & Mutations

((You can breathe bolts of dispelling energy.))
((Your rich purple scales are hard. (AC +7)))
You cannot fit into any form of body armour.
((You are cold-blooded and may be slowed by cold attacks.))
((Your tail ends in a poisonous barb.))
You tend to lose your temper in combat.


Message History

* * * LOW HITPOINT WARNING * * *
The thrashing horror tramples you but does no damage.
The thrashing horror tramples you!
* * * LOW HITPOINT WARNING * * *
The thrashing horror tramples you but does no damage.
Your magical contamination has completely faded away.
You feel better.
The thrashing horror completely misses you.
The thrashing horror tramples you but does no damage.
The thrashing horror tramples you!
* * * LOW HITPOINT WARNING * * *
The thrashing horror completely misses you.
It was a potion of mutation.
You feel extremely strange.
You feel a little pissed off.
A poisonous barb forms on the end of your tail.
The thrashing horror tramples you but does no damage. x2
It was a potion of brilliance.
You feel clever all of a sudden. The thrashing horror tramples you!
You die...

#...#..5=©((..#
#...###########.
..≈.............≈
.≈8§............∩#
≈.............≈#
..###########..#
..##X.$©?".##..#
..#.#♣....#.#### .
#...#..#...#..#©..
.........###.#...#.#...####
....©...©#©#.#....#....#..#
........=#.#.#...#©#...#..#
.P#...#P!#.#.#..#...#..#..#
........u#.#.#.#.....#(#..#
........G#.#.##.......##..#
##########.#############..#


You could see a thrashing horror (strong) and a white imp.

Vanquished Creatures
  Fannar (D:11)
  A hydra (D:11)
  2 two-headed ogres
  A fire crab (Gauntlet)
  An ugly thing (D:11)
  The ghost of Gadfly the Skirmisher, a novice OgMo (D:4)
  2 centaur zombies (D:11)
  A komodo dragon (D:10)
  The ghost of kaeus the Sneak, a novice OpEn of Wu Jian (D:4)
  A freezing wraith (D:11)
  A troll (D:11)
  Prince Ribbit (D:8)
  A hornet (D:11)
  The ghost of rel the Insei, an amateur OpTm (D:5)
  9 spriggans (D:11)
  A wraith (D:10)
  4 fire bats (Gauntlet)
  5 yaks
  2 small abominations (Gauntlet)
  An acid dragon (D:8)
  2 swamp worms (Gauntlet)
  2 hell hounds (Gauntlet)
  4 ice beasts
  3 sky beasts
  4 orc warriors
  3 black bears
  2 necrophages
  3 phantoms
  3 ogres
  3 centaurs
  6 bullfrogs
  Blork the orc (D:6)
  A gnoll sergeant (D:9)
  A wyvern zombie (D:12)
  A wyvern skeleton (D:11)
  4 scorpions
  3 killer bees (D:11)
  4 wights (D:11)
  An electric eel (D:9)
  2 howler monkeys (D:11)
  4 bullfrog zombies
  A wyvern simulacrum (D:9)
  7 hounds
  9 orc priests
  A bullfrog skeleton (D:4)
  Natasha (thrice) (D:4)
  A centaur skeleton (D:5)
  10 orc wizards
  7 worker ants
  3 hound zombies
  The ghost of lawman0 the Sneak, a weakling SpDe (D:4)
  A hound skeleton (D:10)
  A howler monkey zombie (D:11)
  7 gnolls
  11 adders
  4 white imps
  A howler monkey simulacrum (D:9)
  3 ufetubi (D:9)
  An ooze (D:1)
  An adder zombie (D:6)
  4 worms
  2 dart slugs (D:2)
  2 adder simulacra (D:9)
  8 leopard geckos
  33 orcs
  9 giant cockroaches
  9 goblins
  6 hobgoblins
  19 jackals
  6 quokkas
  4 ball pythons
  6 bats
  5 frilled lizards
  9 kobolds
  5 rats
295 creatures vanquished.

Vanquished Creatures (others)
  An orc (D:9)
  A goblin (D:2)
  16 demonic plants (Gauntlet)
  5 fungi (Gauntlet)
  65 plants
  2 withered plants (D:4)
90 creatures vanquished.

Grand Total: 385 creatures vanquished

Notes
Turn   | Place    | Note
-------+----------+-------------------------------------------
     0 | D:1      | hawla the Draconian Conjurer began the quest for the Orb.
     0 | D:1      | Reached XP level 1. HP: 14/14 MP: 3/3
   638 | D:1      | Reached skill level 1 in Fighting
   638 | D:1      | Reached XP level 2. HP: 22/23 MP: 0/5
   641 | D:1      | Learned a level 2 spell: Searing Ray
   924 | D:2      | Found a white marble altar of Elyvilon.
  1122 | D:2      | Reached XP level 3. HP: 25/28 MP: 1/6
  1381 | D:2      | Found a shimmering blue altar of Sif Muna.
  2133 | D:3      | Reached XP level 4. HP: 35/35 MP: 5/8
  2145 | D:3      | Learned a level 4 spell: Iskenderun's Mystic Blast
  2584 | D:3      | Reached skill level 1 in Shields
  2609 | D:3      | Reached skill level 1 in Translocations
  2947 | D:3      | Found a stormy altar of Qazlal.
  2954 | D:3      | Found an ancient bone altar of Kikubaaqudgha.
  3184 | D:3      | Found a sparkling altar of Nemelex Xobeh.
  3482 | D:4      | Reached XP level 5. HP: 40/40 MP: 4/9
  3661 | D:4      | Reached skill level 5 in Conjurations
  3836 | D:4      | Noticed an ogre
  3842 | D:4      | Killed an ogre
  3907 | D:4      | Found an ornate altar of the Wu Jian Council.
  4046 | D:4      | Noticed Natasha
  4053 | D:4      | Killed Natasha
  4054 | D:4      | Reached XP level 6. HP: 47/47 MP: 2/11
  4265 | D:4      | Got a brightly glowing war axe
  4266 | D:4      | Identified the +4 war axe of Impermanence {venom, rN+ Str-4
                  | SInv} (You found it on level 4 of the Dungeon)
  4664 | D:4      | Noticed Natasha
  4669 | D:4      | Killed Natasha
  4750 | D:4      | Found a runed translucent gate.
  4750 | D:4      | Found a runed translucent gate.
  4750 | D:4      | Found a runed translucent gate.
  4750 | D:4      | Noticed lawman0's ghost (weakling SpDe)
  4750 | D:4      | Noticed Gadfly's ghost (novice OgMo)
  4751 | D:4      | Noticed rel's ghost (amateur OpTm)
  4751 | D:4      | Noticed kaeus's ghost (novice OpEn)
  4815 | D:4      | Noticed Natasha
  4819 | D:4      | Killed Natasha
  4945 | D:5      | Entered Level 5 of the Dungeon
  5007 | D:5      | Your scales start taking on a rich purple colour.
  5007 | D:5      | Reached XP level 7. HP: 52/52 MP: 3/14
  5174 | D:5      | Reached skill level 5 in Spellcasting
  6261 | D:6      | Noticed Blork the orc
  6269 | D:6      | Killed Blork the orc
  6270 | D:6      | Reached skill level 1 in Throwing
  6270 | D:6      | Reached XP level 8. HP: 59/59 MP: 4/17
  6381 | D:6      | Reached skill level 1 in Evocations
  6468 | D:6      | Found a bloodstained altar of Trog.
  6473 | D:6      | Reached skill level 1 in Staves
  6629 | D:6      | Got a crude steel ring
  6631 | D:6      | Identified the cursed ring "Raox Kof" {rC+ Int-4} (You
                  | found it on level 6 of the Dungeon)
  6779 | D:6      | Found a staircase to the Ecumenical Temple.
  6909 | D:6      | Reached skill level 1 in Fire Magic
  6945 | Temple   | Entered the Ecumenical Temple
  7021 | Temple   | Became a worshipper of Vehumet
  7994 | D:7      | Reached XP level 9. HP: 57/64 MP: 20/20
  8158 | D:7      | Found Kesoss's Jewellery Shop.
  8707 | D:8      | Noticed Prince Ribbit
  8714 | D:8      | Reached * piety under Vehumet
  8714 | D:8      | Offered knowledge of Foxfire by Vehumet.
  8715 | D:8      | Killed Prince Ribbit
  8774 | D:8      | Found a glowing silver altar of Zin.
  9400 | D:8      | Found a shadowy altar of Dithmenos.
  9450 | D:8      | Found a hazy altar of Hepliaklqana.
 10219 | D:9      | Reached skill level 5 in Staves
 10753 | D:9      | Found a broken altar of Ashenzari.
 10753 | D:9      | Found a glowing silver altar of Zin.
 10753 | D:9      | Found a snail-covered altar of Cheibriados.
 10820 | D:9      | Noticed a two-headed ogre
 10984 | D:9      | Found Luaj's Book Emporium.
 10994 | D:9      | Killed a two-headed ogre
 10995 | D:9      | Reached skill level 5 in Fire Magic
 10995 | D:9      | Reached XP level 10. HP: 53/71 MP: 5/22
 11688 | D:9      | Bought a book of Power for 630 gold pieces
 11694 | D:9      | Learned a level 5 spell: Bolt of Magma
 11700 | D:9      | Learned a level 5 spell: Iskenderun's Battlesphere
 11707 | D:9      | Learned a level 6 spell: Iron Shot
 11733 | D:10     | Entered Level 10 of the Dungeon
 11733 | D:10     | Found Uffep's Jewellery Shop.
 12236 | D:10     | Noticed lawman0's ghost (journeyman SpDe)
 12257 | D:10     | Reached skill level 1 in Earth Magic
 12353 | D:10     | Found a staircase to the Orcish Mines.
 12357 | D:10     | Offered knowledge of Sandblast by Vehumet.
 12359 | D:10     | Reached ** piety under Vehumet
 12416 | D:10     | Found a roughly hewn altar of Beogh.
 12569 | D:10     | Noticed a two-headed ogre
 12573 | D:10     | Killed a two-headed ogre
 12735 | D:10     | Found a runed translucent gate.
 12735 | D:10     | Found a runed translucent gate.
 12735 | D:10     | Found a runed translucent gate.
 12816 | D:10     | Found a staircase to the Lair.
 13360 | D:4      | Killed Gadfly's ghost
 13376 | D:4      | Killed kaeus's ghost
 13379 | D:5      | Killed rel's ghost
 13564 | D:4      | Killed lawman0's ghost
 13875 | D:11     | Reached XP level 11. HP: 69/77 MP: 19/24
 14268 | D:11     | Reached skill level 10 in Spellcasting
 14564 | D:11     | Reached skill level 10 in Conjurations
 14708 | D:11     | Found Sosm's Antique Armour Emporium.
 15065 | D:11     | Noticed Fannar
 15084 | D:11     | Killed Fannar
 15265 | D:11     | Offered knowledge of Mephitic Cloud by Vehumet.
 15619 | D:11     | Noticed a purple ugly thing
 15637 | D:11     | Killed a purple ugly thing
 16073 | D:11     | Noticed a four-headed hydra
 16080 | D:11     | Killed a four-headed hydra
 16218 | D:11     | Reached *** piety under Vehumet
 16236 | D:11     | Reached skill level 5 in Earth Magic
 16584 | D:12     | Found a gate leading to a gauntlet.
 16595 | Gauntlet | Entered a Gauntlet
 16595 | Gauntlet | Found a transporter.
 16595 | Gauntlet | Found a transporter.
 16615 | Gauntlet | Noticed an orb spider
 16631 | Gauntlet | an orb spider changed into a yaktaur
 16653 | Gauntlet | Found a transporter.
 16672 | Gauntlet | Found a transporter.
 16677 | Gauntlet | Noticed a brown ugly thing
 16712 | Gauntlet | Found a transporter.
 16727 | Gauntlet | Found a transporter.
 16733 | Gauntlet | Noticed a cyan ugly thing
 16747 | Gauntlet | Noticed a great orb of eyes
 16749 | Gauntlet | Noticed a fire crab
 16762 | Gauntlet | Found a transporter.
 16778 | Gauntlet | Found a transporter.
 16904 | Gauntlet | Found a transporter.
 16913 | Gauntlet | Learned a level 4 spell: Cause Fear
 17027 | Gauntlet | Killed a fire crab
 17028 | Gauntlet | Reached skill level 1 in Hexes
 17326 | Gauntlet | Noticed a thrashing horror
 17328 | Gauntlet | Found a transporter.
 17347 | Gauntlet | Found a transporter.
 17355 | Gauntlet | Found a transporter.
 17364 | Gauntlet | Gained mutation: You tend to lose your temper in combat.
                  | [potion of mutation]
 17364 | Gauntlet | Gained mutation: Your tail ends in a poisonous barb.
                  | [potion of mutation]
 17365 | Gauntlet | Slain by a thrashing horror

Illustrated notes

Levels and vault maps discovered:
D:1:      ebering_trefoil_3fold, layout_basic
D:2:      layout_loops_cross, elyvilon_altar_4, overflow_temple_1_default
D:3:      layout_loops_ring, minitemple, marbit_many_paths, serial_glass,
          glass_columns_a, glass_columns_a, glass_columns_b, glass_columns_b,
          glass_columns_c, glass_columns_a, glass_columns_c, glass_columns_c
D:4:      layout_loops_ring, nzn_wu_jian_council_hall, gammafunk_ghost_cemetery,
          grunt_ministairs_15, uniq_natasha
D:5:      layout_loops_ring, serial_bayou, serial_bayou_pond_e,
          serial_bayou_pond_a, serial_bayou_shore_b, serial_bayou_shore_b,
          serial_bayou_lagoon_a
D:6:      layout_basic, minmay_temple_entry_stoned_glass, trog_ov_bears_minmay,
          uniq_blork_the_orc
D:7:      layout_loops_cross, serial_shops, shop_statue
D:8:      minmay_chambers_of_sixes, layout_basic, nzn_hepliaklqana_mist_gate,
          grunt_dithmenos_smoke_and_mirrors, basic_altar, grunt_decor_cap,
          uniq_prince_ribbit1
D:9:      layout_irregular_city, nicolae_overflow_hidden_temple,
          gammafunk_temple_overflow_claw, serial_ice, serial_ice_f,
          serial_ice_n, serial_ice_j, serial_ice_o, serial_shops, shop
D:10:     layout_small_grid, lair_entry_dummy, minmay_orc_entry_temple_small,
          gammafunk_ghost_icy, minmay_shop_enchanted_jewellery
D:11:     kb_forest_paths, layout_stronghold, serial_shops,
          nicolae_shop_statue_plus, uniq_fannar
D:12:     layout_long_grid, serial_shops, shop, gauntlet_entry_generic,
          serial_bayou_ford_a, amcnicky_mini_pool_small, uniq_kirke
Temple:   cyrus_temple_forest
Gauntlet: gammafunk_gauntlet_branching [gammafunk_gauntlet_arena_corners,
          gammafunk_gauntlet_arena_arrow_garden, nicolae_gauntlet_arena_blocks,
          nicolae_gauntlet_arena_grate_2, gammafunk_gauntlet_arena_hedges,
          gammafunk_gauntlet_arena_spirals, gammafunk_gauntlet_arena_teeth,
          nicolae_gauntlet_arena_x, gauntlet_exit_spiral]

Skill      XL: |  1  2  3  4  5  6  7  8  9 10 11 |
---------------+----------------------------------+-----
Fighting       | 1 |  1.0
Spellcasting   | 3 4 6 7 8 9 10 | 10.8
Shields        | 1 2 4 |  4.0
Translocations | 1 2 |  2.0
Conjurations   | 5 6 7 8 9 10 | 10.5
Throwing       | 1 |  1.0
Evocations     | 2 |  2.0
Staves         | 3 5 6 8 |  8.2
Fire Magic     | 2 5 6 7 |  7.8
Earth Magic    | 3 5 |  5.4
Hexes          | 1 |  1.0
Dodging        | |  1.7
Stealth        | |  1.7

Action                   |  1- 3 |  4- 6 |  7- 9 | 10-12 || total
-------------------------+-------+-------+-------+-------++-------
Melee: Unarmed           |    11 |   112 |       |       ||   123
       Tailslap          |       |     7 |    10 |    11 ||    28
       War axe           |       |     4 |   105 |   137 ||   246
Throw: Boomerang         |       |       |     1 |       ||     1
       Javelin           |       |       |       |     2 ||     2
 Cast: Magic Dart        |    31 |    30 |    55 |    40 ||   156
       Searing Ray       |    16 |    31 |    57 |    74 ||   178
       Iskenderun's Myst |       |     2 |    18 |    35 ||    55
       Iskenderun's Batt |       |       |       |     5 ||     5
       Bolt of Magma     |       |       |       |    11 ||    11
 Abil: Breathe Dispellin |       |       |     3 |     5 ||     8
Evoke: Wand              |       |       |       |     1 ||     1
  Use: Potion            |     2 |     3 |       |    10 ||    15
       Scroll            |       |    11 |     5 |     4 ||    20
Armor: Skin              |    18 |    84 |    74 |   114 ||   290
Dodge: Dodged            |    14 |   130 |   126 |   219 ||   489
